 Dungeon Crawl Stone Soup version 0.18-a0-1799-g6250cb2 (webtiles) character file.

206 dcss12345 the Chopper (level 5, -9/50 HPs)
             Began as a Minotaur Berserker on Apr 23, 2016.
             Was a Priest of Trog.
             Mangled by an ogre
             ... wielding a +0 giant spiked club
              (30 damage)
             ... on level 3 of the Dungeon.
             The game lasted 00:11:03 (2383 turns).

dcss12345 the Chopper (Minotaur Berserker)          Turns: 2383, Time: 00:11:03

Health: -9/50      AC:  8    Str: 22    XL:     5   Next: 53%
Magic:  4/4        EV:  8    Int:  4    God:    Trog [***...]
Gold:   136        SH:  0    Dex: 10    Spells: 0 memorised, 4 levels left

rFire  + . .     SeeInvis .     a - +0 hand axe
rCold  . . .     Gourm    .     f - +0 chain mail
rNeg   . . .     Faith    .     (no shield)
rPois  .         Spirit   .     (helmet restricted)
rElec  .         Dismiss  .     (no cloak)
rCorr  .         Reflect  .     (no gloves)
SustAt .         Harm     .     (no boots)
MR     ++...                    (no amulet)
Stlth  ..........               (no ring)
                                i - ring of protection from fire

@: regenerating, very resistant to hostile enchantments, extremely unstealthy
A: retaliatory headbutt, horns 2
a: Berserk, Trog's Hand, Burn Spellbooks, Renounce Religion


You were on level 3 of the Dungeon.
You worshipped Trog.
Trog was most pleased with you.
You were hungry.

You visited 1 branch of the dungeon, and saw 3 of its levels.

You collected 136 gold pieces.

Inventory:

Hand Weapons
 a - a +0 hand axe (weapon)
 d - a +0 club
Armour
 b - a +0 animal skin
 e - a +0 ring mail
 f - a +0 chain mail (worn)
Jewellery
 i - a ring of protection from fire (left hand)
 m - an uncursed ring of protection from cold {unknown}
Scrolls
 c - 2 scrolls of remove curse
 g - a scroll of recharging
 h - a scroll of teleportation
 k - a scroll of identify
Potions
 l - a potion of magic {unknown}
Comestibles
 j - a bread ration


   Skills:
 + Level 5.9 Fighting
 + Level 5.9 Axes
 - Level 2.4 Armour
 - Level 2.2 Dodging


You had 4 spell levels left.
You didn't know any spells.

Dungeon Overview and Level Annotations

Branches:
Dungeon (3/15)

Altars:
Cheibriados
Elyvilon
Makhleb
Qazlal
Yredelemnul
The Shining One


Innate Abilities, Weirdness & Mutations

You reflexively headbutt those who attack you in melee.
You have a pair of horns on your head.


Message History

You furiously retaliate!
You headbutt the adder.
You kill the adder!
Trog accepts your kill.
You hit the ogre.
The ogre is moderately wounded.
The ogre hits you with a giant spiked club!
You hit the ogre. You headbutt the ogre!
The ogre is severely wounded.
The ogre hits you with a giant spiked club!!
Ouch! That really hurt!
The ogre barely misses you.
Your skin crawls.
You feel resistant to hostile enchantments.
You feel slightly more hungry.
You feel the effects of Trog's Hand fading.
You hit the ogre.
The ogre is severely wounded.
The ogre hits you with a giant spiked club!!
Ouch! That really hurt!
You die...

###################
.................>#
.....######.#####.#
........(#........#
#..###.#....####..#
............# #@.#
###.#..######
#O.#### ##'##.##
#..#.. # #......#
#..#.#### .###
#......#
#..#....#....#
#......#
#..........#
#...†..#
#....###........#
#.)....#
#.###....##.#.###
#......# # #.####
...#


You could see an ogre.

Vanquished Creatures
  2 hounds (D:2)
  A worker ant (D:3)
  A gnoll (D:2)
  4 adders
  An ooze (D:3)
  A worm (D:2)
  3 dart slugs (D:2)
  3 orcs (D:3)
  6 bats
  5 giant cockroaches
  7 goblins
  9 hobgoblins
  3 quokkas
  A ball python (D:2)
  2 giant newts
  9 kobolds
  7 rats
65 creatures vanquished.

Notes
Turn   | Place    | Note
--------------------------------------------------------------
     0 | D:1      | dcss12345 the Minotaur Berserker began the quest for the Orb.
     0 | D:1      | Reached XP level 1. HP: 19/19 MP: 0/0
   369 | D:1      | Reached XP level 2. HP: 27/27 MP: 1/1
   445 | D:1      | Found a glowing golden altar of the Shining One.
   734 | D:1      | Reached ** piety under Trog
   962 | D:2      | Reached XP level 3. HP: 16/34 MP: 2/2
   999 | D:2      | Found a burning altar of Makhleb.
  1002 | D:2      | Noticed a cacodemon
  1130 | D:2      | Found a basalt altar of Yredelemnul.
  1178 | D:2      | Reached XP level 4. HP: 29/41 MP: 3/3
  1180 | D:2      | Reached skill level 5 in Fighting
  1180 | D:2      | Reached skill level 5 in Axes
  1427 | D:2      | Found a snail-covered altar of Cheibriados.
  1873 | D:2      | Reached XP level 5. HP: 48/48 MP: 4/4
  1936 | D:3      | Found a white marble altar of Elyvilon.
  2063 | D:3      | Found a faded altar to an unknown god.
  2120 | D:3      | Found a stormy altar of Qazlal.
  2253 | D:3      | Reached *** piety under Trog
  2366 | D:3      | Noticed an ogre
  2383 | D:3      | Mangled by an ogre

Vault maps used:
D:1:      minmay_arrival_nine_rooms, tso_altar
D:2:      makhleb_altar_promises_db, lemuel_crystal_altar,
          kennysheep_slug_shrine, serial_curves, eino_curves_04, eino_curves_04,
          cheibrodos_gnoll_hut
D:3:      elyvilon_altar_1, ecumenical_altar_1, nicolae_qazlal_eye_of_the_storm

Skill      XL: |  1  2  3  4 |
---------------+-------------+-----
Axes           | 4 5 |  5.9
Fighting       | 4 5 |  5.9
Armour         | |  2.4
Dodging        | |  2.2

Action                   |  1- 3 |  4- 6 || total
-------------------------+-------+-------++-------
Melee: Hand axe          |    64 |    90 ||   154
       Headbutt          |    11 |    26 ||    37
Invok: Trog's Hand       |     1 |     1 ||     2
       Berserk           |     1 |       ||     1
  Use: Scroll            |     3 |     1 ||     4
       Potion            |     1 |       ||     1
  Eat: Bread ration      |     1 |       ||     1
       Pizza             |       |     1 ||     1
Armor: Chain mail        |    31 |    42 ||    73
Dodge: Dodged            |    46 |    42 ||    88
